 Dungeon Crawl Stone Soup version 0.28-a0-723-g095bd1b44f (webtiles) character file.

Game seed: 12642295554236278810

47 KoroneIsBestGirl the Chiller (level 3, -1/24 HPs)
             Began as a Barachi Ice Elementalist on Oct 25, 2021.
             Slain by a gnoll (6 damage)
             ... on level 2 of the Dungeon.
             The game lasted 00:02:19 (1423 turns).

KoroneIsBestGirl the Chiller (BaIE)                 Turns: 1423, Time: 00:02:19

Health: -1/24      AC:  3    Str:  9    XL:     3   Next: 70%
Magic:  1/7        EV: 12    Int: 16    God:
Gold:   71         SH:  0    Dex: 12    Spells: 3/7 levels left

rFire   + . .      SeeInvis .   b - +0 dagger
rCold   . . .      Faith    .   (no shield)
rNeg    . . .      Spirit   .   h - +0 leather armour {rF+}
rPois   .          Reflect  .   (no helmet)
rElec   .          Harm     .   (no cloak)
rCorr   .          Rampage  .   (no gloves)
Will    .....                   (no boots)
Stlth   ++........              (no amulet)
HPRegen 0.08/turn               (no ring)
MPRegen 0.10/turn               (no ring)

@: unable to hop, slow
A: amphibious, slowness 1, strong legs 1, +LOS
a: Hop


You were on level 2 of the Dungeon.
You visited 1 branch of the dungeon, and saw 2 of its levels.

You collected 71 gold pieces.

Inventory:

Hand Weapons
 b - a +0 dagger (weapon)
Armour
 a - a +0 robe
 h - a +0 leather armour of fire resistance (worn)
Scrolls
 d - a scroll of teleportation {unknown}
 e - a scroll of fear {unknown}
 f - a scroll of immolation {unknown}
 i - a scroll of enchant armour {unknown}
Potions
 c - a potion of lignification {unknown}
 g - a potion of haste {unknown}


   Skills:
 * Level 0.8 Armour
 + Level 3.0 Dodging
 - Level 1.7 Stealth
 + Level 2.9 Spellcasting
 + Level 5.3 Ice Magic


You had 3 spell levels left.
You knew the following spells:

 Your Spells              Type           Power      Damage    Failure   Level
a - Freeze                Ice            76%        1d9       2%          1
b - Frozen Ramparts       Ice            38%        1d5       9%          3

Your spell library contained the following spells:

 Spells                   Type           Power      Damage    Failure   Level
 Ozocubu's Armour         Ice            19%        N/A       9%          3
 Hailstorm                Conj/Ice       10%        3d5       65%         4


Dungeon Overview and Level Annotations

Branches:
Dungeon (2/15)

Altars:


Innate Abilities, Weirdness & Mutations

You are amphibious.
You cover ground slowly.
You can hop short distances.
You have an extended range of vision and can be seen from far away.


Message History

The walls around you are covered in ice.
A frilled lizard comes into view.
A frilled lizard comes into view.
The wall freezes the gnoll. x2
The wall freezes the gnoll. x2
You freeze the gnoll.
The gnoll is almost dead.
The wall freezes the gnoll. x3
You kill the gnoll!
Your Dodging skill increases to level 3!
The wall freezes the gnoll. x2; The gnoll hits you but does no damage.
The frozen ramparts melt away.
The gnoll hits you from afar with a +3 spear.
Casting: Freeze (safe; 2% risk of failure)
Confirm with . or Enter, or press ? or * to list all spells.
Okay, then.
Casting: Freeze (safe; 2% risk of failure)
Confirm with . or Enter, or press ? or * to list all spells.
You can't see any susceptible monsters within range! (Use Z to cast anyway.) Unknown command.
Hop to where?
Press: ? - help, Dir - move target Boing!
Casting: Freeze (safe; 2% risk of failure)
Confirm with . or Enter, or press ? or * to list all spells.
The spell is quite dangerous to cast (9% risk of failure)!
Continue anyway?
Casting: Frozen Ramparts (quite dangerous; 9% risk of failure)
Press: ? - help, Dir - look around, f - activate You miscast Frozen Ramparts.
You are very lightly contaminated with residual magic.
Nothing appears to happen.
The gnoll hits you from afar with a +3 spear!
Unknown command.
The gnoll hits you from afar with a +3 spear.
The gnoll hits you from afar with a +3 spear.
* * * LOW HITPOINT WARNING * * *
Your magical contamination has completely faded away.
There is a stone staircase leading down here.
The gnoll hits you from afar with a +3 spear.
You die...

........ ..... #g## .....#.#...
..####.l# ..#.......# #...###g#
..........#.###<#.###.# ..#
...........#........##.# #.#
......#..........###..g.# #.#
........#(...##..###.##.### #.#
...................g.##...#####.#
................@.g..............
..........#......................
..............#.....###..........
#).......#รท.(.##..###....).....
#...................#.#######.#
#......)..............# #.#
#.......<.............## ####.#
#.....##......)........###.....
#.(............................


You could see 3 gnolls.

Vanquished Creatures
  A gnoll (D:2)
  A dart slug (D:2)
  2 orcs (D:2)
  A ball python (D:2)
  5 bats (D:1)
  An endoplasm (D:1)
  3 giant cockroaches (D:2)
  2 hobgoblins (D:1)
  5 kobolds
  3 quokkas
  A frilled lizard (D:1)
  A goblin (D:1)
  4 rats
30 creatures vanquished.

Notes
Turn   | Place    | Note
-------+----------+-------------------------------------------
     0 | D:1      | KoroneIsBestGirl the Barachi Ice Elementalist began the
                  | quest for the Orb.
     0 | D:1      | Reached XP level 1. HP: 13/13 MP: 3/3
   139 | D:1      | Reached skill level 5 in Ice Magic
   177 | D:1      | Reached XP level 2. HP: 19/19 MP: 3/5
   684 | D:1      | Noticed an ogre
   684 | D:1      | Noticed an ogre
   684 | D:1      | Noticed an ogre
  1075 | D:2      | Reached XP level 3. HP: 23/24 MP: 1/7
  1084 | D:1      | Learned a level 3 spell: Frozen Ramparts
  1423 | D:2      | Slain by a gnoll

Illustrated notes

Levels and vault maps discovered:
D:1:      erik_arrival_cave_to_civilisation [erik_arrival_cave_to_temple],
          layout_basic
D:2:      minmay_chambers_of_ones, layout_rooms, basic_ecumenical_altar

Skill      XL: |  1  2  3 |
---------------+----------+-----
Ice Magic      | 5 |  5.3
Dodging        | 3 |  3.0
Armour         | |  0.8
Stealth        | |  1.7
Spellcasting   | |  2.9

Action                   || total
-------------------------++-------
Melee: Dagger            ||    28
 Cast: Freeze            ||    34
       Frozen Ramparts   ||     2
 Abil: Hop               ||     1
Armor: Robe              ||    23
       Leather armour    ||     1
Dodge: Dodged            ||    45

Table legend: (Time is in decaauts)
 A = Elapsed time spent in this place.
 B = Non-inter-level travel time spent in this place.
 C = Inter-level travel time spent in this place.
 D = Time resting spent in this place.
 E = Time spent auto-exploring this place.
 F = Levels seen in this place.
 G = Mean time per level.
                   A        B        C        D        E       F      G
               +--------+--------+--------+--------+--------+-----+--------+
         Total |   1546 |   1432 |    114 |    288 |    888 |   2 |  773.0 |
       Dungeon |   1546 |   1432 |    114 |    288 |    888 |   2 |  773.0 |
               +--------+--------+--------+--------+--------+-----+--------+

Top non-repeatable levels by time:
     D:1: 1169 daAuts
     D:2: 377 daAuts
